 Dungeon Crawl Stone Soup version 0.13.0-65-g2bb7898 (webtiles) character file.

70 Lilouch the Firebug (level 2, -1/19 HPs)
             Began as a Mummy Fire Elementalist on Nov 25, 2013.
             Slain by a jackal (3 damage)
             ... on Level 1 of the Dungeon.
             The game lasted 00:03:33 (692 turns).

Lilouch the Firebug (Mummy Fire Elementalist)        Turns: 692, Time: 00:03:33

HP  -1/19        AC  2     Str 11      XL: 2   Next: 27%
MP   1/4         EV 12     Int 14      God:
Gold 56          SH  0     Dex 12      Spells:  1 memorised,  2 levels left

Res.Fire  : x . .   See Invis. : .   (no weapon)
Res.Cold  : + . .   Warding    : .   a - +0 robe
Life Prot.: + + +   Conserve   : .   (no shield)
Res.Poison: +       Res.Corr.  : .   (no helmet)
Res.Elec. : .       Clarity    : .   (no cloak)
Sust.Abil.: . .     Spirit.Shd : .   (no gloves)
Res.Mut.  : .       Stasis     : .   (no boots)
Res.Rott. : +       Flight     : .   (no amulet)
Saprovore : . . .                    (no ring)
                                     (no ring)

@: very slightly contaminated, slightly resistant to hostile enchantments,
unstealthy
A: no food or potions, fire vulnerability, restore body, cold resistance 1, life
protection 3, poison resistance, torment resistance, unbreathing
a: no special abilities


You were on level 1 of the Dungeon.
You were not hungry.

You visited 1 branch of the dungeon, and saw 1 of its levels.

You collected 36 gold pieces.

Inventory:

Hand weapons
 g - a +1,+0 elven dagger (quivered)
Armour
 a - a +0 robe (worn)
Scrolls
 f - a scroll of curse jewellery {unknown}
Books
 b - a book of Flames

   Spells                             Type                      Level
   *Flame Tongue                      Conjuration/Fire             1
   Throw Flame                        Conjuration/Fire             2
   Conjure Flame                      Conjuration/Fire             3
   Inner Flame                        Hexes/Fire                   3
   Sticky Flame                       Conjuration/Fire             4
   Fireball                           Conjuration/Fire             5


   Skills:
 - Level 1.5 Dodging
 - Level 1.5 Stealth
 + Level 1.4 Spellcasting
 + Level 1.0 Conjurations
 * Level 2.7 Fire Magic


You had 2 spell levels left.
You knew the following spells:

 Your Spells              Type           Power        Failure   Level  Hunger
a - Flame Tongue          Conj/Fire      #....        14%         1    N/A

Dungeon Overview and Level Annotations

Branches:
Dungeon (1/27)

Altars:


Innate Abilities, Weirdness & Mutations

You do not eat or drink.
Your flesh is vulnerable to fire.
Your flesh is cold resistant.
You are immune to negative energy.
Your system is resistant to poisons.
You are immune to unholy pain and torment.
You can survive without breathing.


Message History

The flame hits the jackal.
The jackal is severely wounded.
The jackal barely misses you.
You hit the jackal but do no damage.
The jackal is severely wounded.
The jackal bites you but does no damage.
The jackal closely misses you. The jackal misses you.
You barely miss the jackal.
The jackal is severely wounded.
The jackal bites you.
* * * LOW HITPOINT WARNING * * *
The jackal bites you.
* * * LOW HITPOINT WARNING * * *
You barely miss the jackal.
The jackal is severely wounded.
The jackal closely misses you. The jackal completely misses you.
You closely miss the jackal.
The jackal is severely wounded.
The jackal bites you.
You die...

# ######## ######..
......... .....$...
.####### #### #........
.# #..# ####........ .#
..# #.@hl........ .###
..# #h##h#......# ...#
# #h###.##....?## ...#
#.# #.#...##....##
...####...#.#..)##.>..#
.#.........?...)...####
.#.#......#.#..>...#
.#.#....###.#......#
...................#


You could see 3 jackals and a giant newt.

Vanquished Creatures
  An ooze (D:1)
  3 bats (D:1)
  4 hobgoblins (D:1)
  A giant newt (D:1)
  A kobold (D:1)
  A rat (D:1)
11 creatures vanquished.

Notes
Turn   | Place    | Note
--------------------------------------------------------------
     0 | D:1      | Lilouch, the Mummy Fire Elementalist, began the quest for the Orb.
     0 | D:1      | Reached XP level 1. HP: 13/13 MP: 3/3
     2 | D:1      | Noticed a merfolk
     2 | D:1      | Noticed a felid
     4 | D:1      | Noticed a tengu
     6 | D:1      | Noticed a demigod
     6 | D:1      | Noticed a vampire
     8 | D:1      | Noticed an elf
     8 | D:1      | Noticed a spriggan
    10 | D:1      | Noticed an octopode
    10 | D:1      | Noticed a draconian
    12 | D:1      | Noticed a demonspawn
    14 | D:1      | Noticed an ogre
    16 | D:1      | Noticed a naga
    18 | D:1      | Noticed a troll
    18 | D:1      | Noticed a minotaur
    20 | D:1      | Noticed a ghoul
    20 | D:1      | Noticed a centaur
    22 | D:1      | Noticed a human
    22 | D:1      | Noticed a dwarf
   204 | D:1      | Reached skill level 1 in Conjurations
   412 | D:1      | Reached XP level 2. HP: 19/19 MP: 0/4
   692 | D:1      | Slain by a jackal

Action                   || total
-------------------------++-------
Melee: Unarmed           ||    12
Throw: Club              ||    15
       Dagger            ||     1
 Cast: Flame Tongue      ||    22
